Los Angeles Kings vs Tampa Bay Lightning
Created - Monday, June 19, 2023 at 07:02
Goals
|
| Los Angeles Kings |
0 |
0 |
1 |
1 |
| Tampa Bay Lightning |
1 |
0 |
1 |
2 |
|
Shots
|
| Los Angeles Kings |
6 |
13 |
13 |
32 |
| Tampa Bay Lightning |
19 |
9 |
9 |
37 |
|
1st period
1. Tampa Bay Lightning , Roope Hintz 26 (Anze Kopitar 44, Gabriel Landeskog 27) at 6:27 (PP)
Penalties :
Tyler Gaudet (LAK) for Hooking (Minor) at 6:18
2nd period
No Goal
Penalties :
Evan Polei (LAK) for Hooking (Minor) at 9:43, Evan Polei (LAK) for Hooking (Minor) at 12:04, Jakub Zboril (LAK) for Tripping (Minor) at 18:15
3rd period
2. Los Angeles Kings , Matt Tennyson 2 (Noah Dobson 41, Andrei Svechnikov 49) at 2:28
3. Tampa Bay Lightning , Lars Eller 7 (Kirill Kaprizov 51, Darnell Nurse 16) at 13:59
Penalties :
Cooper Marody (LAK) for Goalie Interference (Minor) at 9:37, Darnell Nurse (TBL) for Holding (Minor) at 11:28, Erik Brannstrom (LAK) for Tripping (Minor) at 15:02
Goalie Stats
Aaron Dell (LAK), 35 saves from 37 shots - (0.946), L, 8-7-3, 58:38 minutes
Darcy Kuemper (TBL), 31 saves from 32 shots - (0.969), W, 23-19-5, 60:00 minutes
Players Stats for Los Angeles Kings
Player Name G A P +/- PIM S H SB GA TA FO MP PP MP PK MP
------------------------------------------------------------------------------------
Alexander Radulov 0 0 0 0 0 7 1 0 0 0 0/2 17:50 0:55 4:44
Andrei Svechnikov 0 1 1 0 0 2 3 0 1 0 1/7 20:43 0:56 4:32
Cooper Marody 0 0 0 -1 2 0 1 2 0 1 2/5 13:13 0:20 0:41
Dominik Kubalik 0 0 0 0 0 3 2 0 0 0 1/3 20:29 0:36 4:10
Erik Brannstrom 0 0 0 0 2 0 1 2 0 0 0/0 21:25 0:56 4:04
Evan Polei 0 0 0 1 4 0 1 0 0 0 1/3 9:02 0:00 0:00
Jakub Zboril 0 0 0 0 2 1 3 2 0 0 0/0 15:30 0:00 0:00
K'Andre Miller 0 0 0 0 0 0 4 1 1 1 0/0 22:37 0:55 5:01
Matt Tennyson 1 0 1 1 0 1 1 0 1 0 0/0 9:06 0:00 0:49
Mike Matheson 0 0 0 0 0 2 1 5 0 1 0/0 21:58 0:56 4:55
Nicklas Backstrom 0 0 0 0 0 4 2 0 0 1 2/13 20:43 0:56 4:32
Noah Dobson 0 1 1 0 0 4 4 2 0 1 0/0 22:37 0:55 5:01
Peyton Krebs 0 0 0 0 0 4 2 1 0 0 1/2 13:59 0:55 0:47
Rasmus Sandin 0 0 0 0 0 2 1 0 1 0 0/0 15:33 0:00 0:02
Ryan Reaves 0 0 0 -1 0 1 1 0 0 0 0/0 11:48 0:00 0:00
Seth Jarvis 0 0 0 0 0 0 0 0 0 0 5/22 12:47 0:55 0:00
Tyler Gaudet 0 0 0 -1 2 0 2 1 0 1 0/0 12:13 0:00 0:26
Vitaly Kravtsov 0 0 0 1 0 1 0 0 0 0 0/0 8:17 0:00 0:00
Players Stats for Tampa Bay Lightning
Player Name G A P +/- PIM S H SB GA TA FO MP PP MP PK MP
------------------------------------------------------------------------------------
Alexander Kerfoot 0 0 0 0 0 3 1 1 1 0 0/0 9:46 0:00 0:00
Alexander Romanov 0 0 0 1 0 0 1 2 0 0 0/0 13:29 0:00 0:56
Anze Kopitar 0 1 1 -1 0 1 1 0 0 1 22/27 18:34 4:27 1:09
Christian Dvorak 0 0 0 0 0 0 0 0 0 0 0/0 10:39 0:00 0:20
Connor Brown 0 0 0 0 0 1 0 0 0 0 3/3 13:35 0:00 0:20
Darnell Nurse 0 1 1 0 2 2 0 0 0 0 0/0 25:13 5:56 0:00
Dylan Cozens 0 0 0 0 0 1 0 0 0 0 2/2 12:38 0:03 0:00
Gabriel Landeskog 0 1 1 -1 0 1 1 0 0 0 0/2 18:43 4:27 0:15
Hampus Lindholm 0 0 0 0 0 0 1 1 0 0 0/0 16:25 3:59 0:00
Ivan Barbashev 0 0 0 0 0 2 3 0 0 1 0/0 9:46 0:00 0:00
Johnny Gaudreau 0 0 0 0 0 6 1 0 2 0 0/0 18:21 5:26 0:00
Kirill Kaprizov 0 1 1 0 0 3 1 0 1 0 1/1 20:29 5:29 0:14
Lars Eller 1 0 1 1 0 3 2 0 0 0 0/2 10:40 0:00 0:22
Moritz Seider 0 0 0 0 0 2 0 2 0 0 0/0 24:38 5:57 0:55
Roope Hintz 1 0 1 0 0 5 3 0 1 0 5/6 14:49 4:27 0:00
Ryan Graves 0 0 0 0 0 0 1 0 0 0 0/0 21:21 3:59 0:35
Tomas Hertl 0 0 0 0 0 3 0 0 0 2 11/14 19:29 5:29 1:02
Vladislav Gavrikov 0 0 0 0 0 4 5 0 1 0 0/0 19:25 0:00 1:16
3 Stars
1 - Darcy Kuemper (TBL)
2 - Lars Eller (TBL)
3 - Aaron Dell (LAK)
Power Play
Los Angeles Kings - 0 on 1 Attempt(s) - 0.00%
Tampa Bay Lightning - 1 on 6 Attempt(s) - 16.67%
Penalty Kill
Los Angeles Kings - 5 on 6 Attempt(s) - 83.33%
- Score 0 goal in Penalty Kill
Tampa Bay Lightning - 1 on 1 Attempt(s) - 100.00%
- Score 0 goal in Penalty Kill
Team Stat
Los Angeles Kings - Hits : 30 - Faceoff Wins : 13 - Blocked Shots : 16 - Penalty Minutes : 12
Tampa Bay Lightning - Hits : 21 - Faceoff Wins : 44 - Blocked Shots : 6 - Penalty Minutes : 2
Official
Referees : Graham Skiliter and Francis Charron
Linesman : Ryan Gibbons and Jay Sharrers
Game Notes
No Game Note
Finance
Level 1 -- Attendance: 5896 (98.27%) -- Ticket Income $560,120
Level 2 -- Attendance: 4878 (97.56%) -- Ticket Income $268,290
Level 3 -- Attendance: 2679 (89.30%) -- Ticket Income $91,086
Level 4 -- Attendance: 4629 (92.58%) -- Ticket Income $97,209
Luxury Box -- Attendance: 1000 (100.00%) -- Ticket Income $195,000
Game was played at the Tampa Bay Times Forum.
Total Attendance: 19082 (95.41%)
Total Ticket Income: $1,211,705
Other Income: $424,097
Total Income: $1,635,802
Los Angeles Kings
5 vs 5 Forward
Center Left Wing Right Wing Time % Phy DF OF
1 Nicklas Backstrom Andrei Svechnikov Dominik Kubalik 30 1 2 2
2 Seth Jarvis Peyton Krebs Alexander Radulov 30 1 2 2
3 Cooper Marody Tyler Gaudet Ryan Reaves 25 1 2 2
4 Evan Polei Vitaly Kravtsov Matt Tennyson 15 1 2 2
5 vs 5 Defense
Defense Defense Time % Phy DF OF
1 Noah Dobson K'Andre Miller 35 1 2 2
2 Mike Matheson Erik Brannstrom 35 1 2 2
3 Jakub Zboril Rasmus Sandin 30 1 2 2
4 K'Andre Miller Noah Dobson 0 1 2 2
PowerPlay Forward
Center Left Wing Right Wing Time % Phy DF OF
1 Nicklas Backstrom Andrei Svechnikov Dominik Kubalik 50 1 2 2
2 Seth Jarvis Peyton Krebs Alexander Radulov 50 1 2 2
PowerPlay Defense
Defense Defense Time % Phy DF OF
1 Noah Dobson K'Andre Miller 50 1 2 2
2 Mike Matheson Erik Brannstrom 50 1 2 2
Penalty Kill 4 Players Forward
Center Wing Time % Phy DF OF
1 Andrei Svechnikov Nicklas Backstrom 50 1 2 2
2 Dominik Kubalik Alexander Radulov 50 1 2 2
Penalty Kill 4 Players Defense
Defense Defense Time % Phy DF OF
1 Noah Dobson K'Andre Miller 50 1 2 2
2 Mike Matheson Erik Brannstrom 50 1 2 2
Penalty Kill - 3 Players Forward
Forward Time % Phy DF OF
1 Andrei Svechnikov 50 1 2 2
2 Nicklas Backstrom 50 1 2 2
Penalty Kill - 3 Players Defense
Defense Defense Time % Phy DF OF
1 Noah Dobson K'Andre Miller 50 1 2 2
2 Mike Matheson Erik Brannstrom 50 1 2 2
4 vs 4 Forward
Center Wing Time % Phy DF OF
1 Andrei Svechnikov Nicklas Backstrom 50 1 2 2
2 Dominik Kubalik Alexander Radulov 50 1 2 2
4 vs 4 Defense
Defense Defense Time % Phy DF OF
1 Noah Dobson K'Andre Miller 50 1 2 2
2 Mike Matheson Erik Brannstrom 50 1 2 2
Last Minutes Offensive
Center Left Wing Right Wing Defense Defense
Nicklas Backstrom Andrei Svechnikov Dominik Kubalik Noah Dobson K'Andre Miller
Last Minutes Defensive
Center Left Wing Right Wing Defense Defense
Nicklas Backstrom Andrei Svechnikov Dominik Kubalik Noah Dobson K'Andre Miller
Goaltenders
Starting : Aaron Dell
Backup : John Gibson
Extra Forwards
Normal : Evan Polei, Ryan Reaves, Cooper Marody - PP : Evan Polei, Ryan Reaves - PK : Cooper Marody
Extra Defensemen
Normal : Jakub Zboril, Matt Tennyson, Rasmus Sandin - PP : Jakub Zboril - PK : Matt Tennyson, Rasmus Sandin
Penalty Shots
Andrei Svechnikov, Nicklas Backstrom, Dominik Kubalik, Alexander Radulov, Seth Jarvis
Tampa Bay Lightning
5 vs 5 Forward
Center Left Wing Right Wing Time % Phy DF OF
1 Anze Kopitar Gabriel Landeskog Kirill Kaprizov 35 1 2 2
2 Tomas Hertl Johnny Gaudreau Connor Brown 32 1 2 2
3 Roope Hintz Christian Dvorak Dylan Cozens 28 1 2 2
4 Lars Eller Alexander Kerfoot Ivan Barbashev 5 1 2 2
5 vs 5 Defense
Defense Defense Time % Phy DF OF
1 Darnell Nurse Vladislav Gavrikov 40 1 2 2
2 Moritz Seider Ryan Graves 35 1 2 2
3 Hampus Lindholm Alexander Romanov 25 1 2 2
4 Darnell Nurse Vladislav Gavrikov 0 1 2 2
PowerPlay Forward
Center Left Wing Right Wing Time % Phy DF OF
1 Tomas Hertl Johnny Gaudreau Kirill Kaprizov 60 1 2 2
2 Anze Kopitar Roope Hintz Gabriel Landeskog 40 1 2 2
PowerPlay Defense
Defense Defense Time % Phy DF OF
1 Moritz Seider Darnell Nurse 60 1 2 2
2 Hampus Lindholm Ryan Graves 40 1 2 2
Penalty Kill 4 Players Forward
Center Wing Time % Phy DF OF
1 Anze Kopitar Tomas Hertl 60 1 2 2
2 Christian Dvorak Connor Brown 40 1 2 2
Penalty Kill 4 Players Defense
Defense Defense Time % Phy DF OF
1 Alexander Romanov Vladislav Gavrikov 60 1 2 2
2 Ryan Graves Darnell Nurse 40 1 2 2
Penalty Kill - 3 Players Forward
Forward Time % Phy DF OF
1 Tomas Hertl 60 1 2 2
2 Anze Kopitar 40 1 2 2
Penalty Kill - 3 Players Defense
Defense Defense Time % Phy DF OF
1 Alexander Romanov Vladislav Gavrikov 60 1 2 2
2 Ryan Graves Darnell Nurse 40 1 2 2
4 vs 4 Forward
Center Wing Time % Phy DF OF
1 Anze Kopitar Gabriel Landeskog 60 1 2 2
2 Tomas Hertl Connor Brown 40 1 2 2
4 vs 4 Defense
Defense Defense Time % Phy DF OF
1 Darnell Nurse Vladislav Gavrikov 60 1 2 2
2 Moritz Seider Ryan Graves 40 1 2 2
Last Minutes Offensive
Center Left Wing Right Wing Defense Defense
Anze Kopitar Gabriel Landeskog Kirill Kaprizov Darnell Nurse Moritz Seider
Last Minutes Defensive
Center Left Wing Right Wing Defense Defense
Anze Kopitar Tomas Hertl Connor Brown Darnell Nurse Vladislav Gavrikov
Goaltenders
Starting : Darcy Kuemper
Backup : Jeremy Swayman
Extra Forwards
Normal : Kirill Kaprizov, Gabriel Landeskog, Dylan Cozens - PP : Dylan Cozens, Ivan Barbashev - PK : Lars Eller
Extra Defensemen
Normal : Moritz Seider, Darnell Nurse, Hampus Lindholm - PP : Vladislav Gavrikov - PK : Moritz Seider, Hampus Lindholm
Penalty Shots
Christian Dvorak, Anze Kopitar, Kirill Kaprizov, Johnny Gaudreau, Alexander Kerfoot
% Time on Ice - Los Angeles Kings
Lines # - Real PCT - Wanted PCT - Time Play
Normal Forward
1 - 30% - 30% - 14:06
2 - 27% - 30% - 12:53
3 - 25% - 25% - 11:48
4 - 18% - 15% - 8:17
Normal Defense
1 - 35% - 35% - 16:28
2 - 34% - 35% - 16:07
3 - 31% - 30% - 14:29
4 - 0% - 0% - 0:00
PP Forward
1 - 50% - 50% - 0:56
2 - 50% - 50% - 0:55
PP Defense
1 - 50% - 50% - 0:55
2 - 50% - 50% - 0:56
PK Forward
1 - 50% - 50% - 4:58
2 - 50% - 50% - 4:58
PK Defense
1 - 51% - 50% - 5:01
2 - 49% - 50% - 4:55
PK3 Forward
1 - 0% - 50%
2 - 0% - 50%
PK3 Defense
1 - 0% - 50%
2 - 0% - 50%
44 Forward
1 - 100% - 50% - 0:08
2 - 0% - 50% - 0:00
44 Defense
1 - 100% - 50% - 0:08
2 - 0% - 50% - 0:00
Last Minute Offensive - 1:01
Last Minute Defensive - 0:00
Total
Forward - 60:00
Defense - 60:00
|
% Time on Ice - Tampa Bay Lightning
Lines # - Real PCT - Wanted PCT - Time Play
Normal Forward
1 - 27% - 35% - 13:02
2 - 31% - 32% - 14:53
3 - 21% - 28% - 10:19
4 - 20% - 5% - 9:46
Normal Defense
1 - 39% - 40% - 18:49
2 - 35% - 35% - 16:47
3 - 25% - 25% - 12:01
4 - 1% - 0% - 0:23
PP Forward
1 - 55% - 60% - 5:29
2 - 45% - 40% - 4:27
PP Defense
1 - 60% - 60% - 5:57
2 - 40% - 40% - 3:59
PK Forward
1 - 82% - 60% - 1:31
2 - 18% - 40% - 0:20
PK Defense
1 - 68% - 60% - 1:16
2 - 32% - 40% - 0:35
PK3 Forward
1 - 0% - 60%
2 - 0% - 40%
PK3 Defense
1 - 0% - 60%
2 - 0% - 40%
44 Forward
1 - 100% - 60% - 0:08
2 - 0% - 40% - 0:00
44 Defense
1 - 100% - 60% - 0:08
2 - 0% - 40% - 0:00
Last Minute Offensive - 0:00
Last Minute Defensive - 0:05
Total
Forward - 60:00
Defense - 60:00
|
Play-by-Play
1st period
0:01 of 1st period - Anze Kopitar wins face-off versus Nicklas Backstrom in neutral zone.
0:26 of 1st period - Anze Kopitar is hit by K'Andre Miller and loses puck.
0:33 of 1st period - Snap shot by Noah Dobson.
0:33 of 1st period - Stopped by Darcy Kuemper without a rebound.
0:34 of 1st period - Tomas Hertl wins face-off versus Seth Jarvis in Tampa Bay Lightning zone.
1:03 of 1st period - Wrist shot by Roope Hintz.
1:03 of 1st period - Shot Blocked by Erik Brannstrom.
1:27 of 1st period - Slapshot by Alexander Kerfoot.
1:27 of 1st period - Stopped by Aaron Dell with a rebound.
2:05 of 1st period - Wrist shot by Alexander Radulov.
2:05 of 1st period - Stopped by Darcy Kuemper without a rebound.
2:06 of 1st period - Tomas Hertl wins face-off versus Seth Jarvis in Tampa Bay Lightning zone.
2:11 of 1st period - Wrist shot by Johnny Gaudreau.
2:11 of 1st period - Stopped by Aaron Dell with a rebound.
2:13 of 1st period - Backhand shot by Darnell Nurse.
2:13 of 1st period - Stopped by Aaron Dell with a rebound.
2:15 of 1st period - Snap shot by Darnell Nurse.
2:15 of 1st period - Stopped by Aaron Dell with a rebound.
2:17 of 1st period - Wrist shot by Tomas Hertl.
2:17 of 1st period - Stopped by Aaron Dell without a rebound.
2:18 of 1st period - Dylan Cozens wins face-off versus Nicklas Backstrom in Los Angeles Kings zone.
2:33 of 1st period - Slapshot by Dylan Cozens.
2:33 of 1st period - Shot Misses the Net.
3:06 of 1st period - Hampus Lindholm is hit by Ryan Reaves and loses puck.
3:25 of 1st period - Wrist shot by Matt Tennyson.
3:25 of 1st period - Deflect By Hampus Lindholm.
3:25 of 1st period - Shot Blocked by Alexander Romanov.
3:25 of 1st period - Puck is out of play.
3:26 of 1st period - Roope Hintz wins face-off versus Evan Polei in Tampa Bay Lightning zone.
3:26 of 1st period - Roope Hintz is hit by Jakub Zboril.
3:55 of 1st period - Darnell Nurse is hit by Jakub Zboril and loses puck.
4:31 of 1st period - Icing by Darnell Nurse.
4:32 of 1st period - Cooper Marody wins face-off versus Tomas Hertl in Tampa Bay Lightning zone.
4:36 of 1st period - Icing by Vladislav Gavrikov.
4:37 of 1st period - Connor Brown wins face-off versus Cooper Marody in Tampa Bay Lightning zone.
4:46 of 1st period - Slapshot by Johnny Gaudreau.
4:46 of 1st period - Stopped by Aaron Dell with a rebound.
4:48 of 1st period - Slapshot by Vladislav Gavrikov.
4:48 of 1st period - Stopped by Aaron Dell with a rebound.
4:50 of 1st period - Snap shot by Johnny Gaudreau.
4:50 of 1st period - Stopped by Aaron Dell with a rebound.
4:52 of 1st period - Snap shot by Tomas Hertl.
4:52 of 1st period - Shot Blocked by Mike Matheson.
5:00 of 1st period - Snap shot by Ryan Reaves.
5:00 of 1st period - Shot Misses the Net.
5:17 of 1st period - Tyler Gaudet is hit by Vladislav Gavrikov and loses puck.
5:26 of 1st period - Darnell Nurse is hit by Cooper Marody and loses puck.
6:05 of 1st period - Slapshot by Johnny Gaudreau.
6:05 of 1st period - Stopped by Aaron Dell with a rebound.
6:07 of 1st period - Slapshot by Vladislav Gavrikov.
6:07 of 1st period - Stopped by Aaron Dell with a rebound.
6:09 of 1st period - Slapshot by Darnell Nurse.
6:09 of 1st period - Shot Blocked by Tyler Gaudet.
6:18 of 1st period - Minor Penalty to Tyler Gaudet for Hooking.
6:19 of 1st period - Anze Kopitar wins face-off versus Andrei Svechnikov in Los Angeles Kings zone.
6:25 of 1st period - Snap shot by Anze Kopitar.
6:25 of 1st period - Shot Misses the Net.
6:27 of 1st period - Snap shot by Roope Hintz.
6:27 of 1st period - Goal by Roope Hintz - Los Angeles Kings : 0 - Tampa Bay Lightning : 1.
6:28 of 1st period - Anze Kopitar wins face-off versus Nicklas Backstrom in neutral zone.
6:59 of 1st period - Icing by Seth Jarvis.
7:00 of 1st period - Dylan Cozens wins face-off versus Seth Jarvis in Los Angeles Kings zone.
7:11 of 1st period - Wrist shot by Roope Hintz.
7:11 of 1st period - Stopped by Aaron Dell with a rebound.
7:26 of 1st period - Snap shot by Alexander Radulov.
7:26 of 1st period - Shot Hit the Post.
7:28 of 1st period - Slapshot by Jakub Zboril.
7:28 of 1st period - Shot Blocked by Hampus Lindholm.
7:30 of 1st period - Slapshot by Alexander Radulov.
7:30 of 1st period - Deflect By Alexander Romanov.
7:30 of 1st period - Shot Misses the Net.
7:30 of 1st period - Puck is out of play.
7:31 of 1st period - Anze Kopitar wins face-off versus Nicklas Backstrom in Tampa Bay Lightning zone.
7:31 of 1st period - Anze Kopitar is hit by Andrei Svechnikov.
8:19 of 1st period - Wrist shot by Andrei Svechnikov.
8:19 of 1st period - Stopped by Darcy Kuemper without a rebound.
8:20 of 1st period - Anze Kopitar wins face-off versus Evan Polei in Tampa Bay Lightning zone.
8:35 of 1st period - Backhand shot by Kirill Kaprizov.
8:35 of 1st period - Stopped by Aaron Dell with a rebound.
8:55 of 1st period - Slapshot by Dylan Cozens.
8:55 of 1st period - Stopped by Aaron Dell with a rebound.
9:13 of 1st period - Snap shot by Roope Hintz.
9:13 of 1st period - Stopped by Aaron Dell with a rebound.
9:31 of 1st period - Connor Brown is hit by Matt Tennyson and loses puck.
9:43 of 1st period - Icing by Peyton Krebs.
9:44 of 1st period - Anze Kopitar wins face-off versus Seth Jarvis in Los Angeles Kings zone.
9:55 of 1st period - Slapshot by Seth Jarvis.
9:55 of 1st period - Shot Blocked by Alexander Romanov.
9:57 of 1st period - Snap shot by Peyton Krebs.
9:57 of 1st period - Deflect By Seth Jarvis.
9:57 of 1st period - Shot Misses the Net.
9:57 of 1st period - Puck is out of play.
9:58 of 1st period - Roope Hintz wins face-off versus Nicklas Backstrom in Tampa Bay Lightning zone.
10:11 of 1st period - Snap shot by Roope Hintz.
10:11 of 1st period - Stopped by Aaron Dell with a rebound.
13:17 of 1st period - Peyton Krebs is hit by Vladislav Gavrikov and loses puck.
14:24 of 1st period - Snap shot by Andrei Svechnikov.
14:24 of 1st period - Shot Misses the Net.
14:47 of 1st period - Snap shot by Roope Hintz.
14:47 of 1st period - Stopped by Aaron Dell with a rebound.
14:49 of 1st period - Slapshot by Moritz Seider.
14:49 of 1st period - Stopped by Aaron Dell without a rebound.
14:50 of 1st period - Nicklas Backstrom wins face-off versus Anze Kopitar in Los Angeles Kings zone.
15:34 of 1st period - Off-side.
15:35 of 1st period - Seth Jarvis wins face-off versus Lars Eller in neutral zone.
15:40 of 1st period - Snap shot by Alexander Radulov.
15:40 of 1st period - Stopped by Darcy Kuemper with a rebound.
15:42 of 1st period - Snap shot by Alexander Radulov.
15:42 of 1st period - Shot Misses the Net.
16:50 of 1st period - Wrist shot by Vitaly Kravtsov.
16:50 of 1st period - Stopped by Darcy Kuemper with a rebound.
18:30 of 1st period - Wrist shot by Alexander Radulov.
18:30 of 1st period - Shot Blocked by Moritz Seider.
18:32 of 1st period - Slapshot by Noah Dobson.
18:32 of 1st period - Stopped by Darcy Kuemper without a rebound.
18:33 of 1st period - Anze Kopitar wins face-off versus Seth Jarvis in Tampa Bay Lightning zone.
18:50 of 1st period - Snap shot by Gabriel Landeskog.
18:50 of 1st period - Shot Blocked by Jakub Zboril.
19:00 of 1st period - Rasmus Sandin is hit by Vladislav Gavrikov.
19:20 of 1st period - Snap shot by Ivan Barbashev.
19:20 of 1st period - Shot Blocked by Erik Brannstrom.
19:28 of 1st period - Snap shot by Lars Eller.
19:28 of 1st period - Stopped by Aaron Dell without a rebound.
19:29 of 1st period - Anze Kopitar wins face-off versus Alexander Radulov in Los Angeles Kings zone.
19:55 of 1st period - Christian Dvorak is hit by Noah Dobson and loses puck.
Goals for this period are 0 for Los Angeles Kings vs 1 for Tampa Bay Lightning.
Shots for this period are 6 for Los Angeles Kings vs 19 for Tampa Bay Lightning.
2nd period
0:01 of 2nd period - Anze Kopitar wins face-off versus Dominik Kubalik in neutral zone.
0:06 of 2nd period - Wrist shot by Gabriel Landeskog.
0:06 of 2nd period - Stopped by Aaron Dell with a rebound.
1:08 of 2nd period - Off-side.
1:09 of 2nd period - Evan Polei wins face-off versus Lars Eller in neutral zone.
1:16 of 2nd period - Slapshot by Mike Matheson.
1:16 of 2nd period - Stopped by Darcy Kuemper without a rebound.
1:17 of 2nd period - Anze Kopitar wins face-off versus Nicklas Backstrom in Tampa Bay Lightning zone.
1:28 of 2nd period - Wrist shot by Kirill Kaprizov.
1:28 of 2nd period - Shot Blocked by Mike Matheson.
1:30 of 2nd period - Wrist shot by Anze Kopitar.
1:30 of 2nd period - Shot Misses the Net.
1:32 of 2nd period - Slapshot by Vladislav Gavrikov.
1:32 of 2nd period - Stopped by Aaron Dell with a rebound.
1:34 of 2nd period - Wrist shot by Anze Kopitar.
1:34 of 2nd period - Stopped by Aaron Dell with a rebound.
2:06 of 2nd period - Snap shot by Tomas Hertl.
2:06 of 2nd period - Stopped by Aaron Dell with a rebound.
2:08 of 2nd period - Slapshot by Johnny Gaudreau.
2:08 of 2nd period - Shot Blocked by Mike Matheson.
2:10 of 2nd period - Wrist shot by Johnny Gaudreau.
2:10 of 2nd period - Stopped by Aaron Dell with a rebound.
2:14 of 2nd period - Wrist shot by Johnny Gaudreau.
2:14 of 2nd period - Shot Misses the Net.
2:24 of 2nd period - Erik Brannstrom is hit by Ryan Graves and loses puck.
3:14 of 2nd period - Snap shot by Alexander Radulov.
3:14 of 2nd period - Stopped by Darcy Kuemper with a rebound.
3:34 of 2nd period - Wrist shot by Rasmus Sandin.
3:34 of 2nd period - Shot Misses the Net.
3:44 of 2nd period - Rasmus Sandin is hit by Vladislav Gavrikov.
3:58 of 2nd period - Johnny Gaudreau is hit by Evan Polei and loses puck.
4:31 of 2nd period - Wrist shot by Tomas Hertl.
4:31 of 2nd period - Shot Misses the Net.
4:33 of 2nd period - Snap shot by Tomas Hertl.
4:33 of 2nd period - Stopped by Aaron Dell with a rebound.
4:35 of 2nd period - Wrist shot by Tomas Hertl.
4:35 of 2nd period - Deflect By Connor Brown.
4:35 of 2nd period - Shot Hit the Post.
4:35 of 2nd period - Puck is out of play.
4:36 of 2nd period - Anze Kopitar wins face-off versus Nicklas Backstrom in Los Angeles Kings zone.
5:08 of 2nd period - Alexander Kerfoot is hit by Noah Dobson and loses puck.
5:19 of 2nd period - Ivan Barbashev is hit by Nicklas Backstrom and loses puck.
5:32 of 2nd period - Alexander Kerfoot is hit by Andrei Svechnikov and loses puck.
5:53 of 2nd period - Alexander Kerfoot is hit by Andrei Svechnikov and loses puck.
6:00 of 2nd period - Dominik Kubalik is hit by Hampus Lindholm and loses puck.
6:12 of 2nd period - K'Andre Miller is hit by Alexander Romanov and loses puck.
6:21 of 2nd period - Alexander Kerfoot is hit by Noah Dobson and loses puck.
6:45 of 2nd period - Ivan Barbashev is hit by Dominik Kubalik and loses puck.
6:52 of 2nd period - Ryan Graves is hit by Rasmus Sandin.
6:58 of 2nd period - Andrei Svechnikov is hit by Ivan Barbashev and loses puck.
7:07 of 2nd period - Alexander Kerfoot is hit by Nicklas Backstrom and loses puck.
7:18 of 2nd period - Snap shot by Dominik Kubalik.
7:18 of 2nd period - Shot Blocked by Alexander Kerfoot.
7:38 of 2nd period - Wrist shot by Andrei Svechnikov.
7:38 of 2nd period - Deflect By Nicklas Backstrom.
7:38 of 2nd period - Shot Misses the Net.
7:38 of 2nd period - Puck is out of play.
7:39 of 2nd period - Seth Jarvis wins face-off versus Anze Kopitar in Tampa Bay Lightning zone.
7:40 of 2nd period - Slapshot by Alexander Radulov.
7:40 of 2nd period - Stopped by Darcy Kuemper without a rebound.
7:41 of 2nd period - Anze Kopitar wins face-off versus Seth Jarvis in Tampa Bay Lightning zone.
7:55 of 2nd period - Snap shot by Alexander Radulov.
7:55 of 2nd period - Deflect By Peyton Krebs.
7:55 of 2nd period - Stopped by Darcy Kuemper with a rebound.
8:11 of 2nd period - Slapshot by Noah Dobson.
8:11 of 2nd period - Stopped by Darcy Kuemper without a rebound.
8:12 of 2nd period - Roope Hintz wins face-off versus Cooper Marody in Tampa Bay Lightning zone.
9:15 of 2nd period - Snap shot by Dylan Cozens.
9:15 of 2nd period - Shot Misses the Net.
9:17 of 2nd period - Snap shot by Moritz Seider.
9:17 of 2nd period - Shot Blocked by Cooper Marody.
9:19 of 2nd period - Slapshot by Moritz Seider.
9:19 of 2nd period - Stopped by Aaron Dell without a rebound.
9:20 of 2nd period - Anze Kopitar wins face-off versus Seth Jarvis in Los Angeles Kings zone.
9:43 of 2nd period - Minor Penalty to Evan Polei for Hooking.
9:44 of 2nd period - Tomas Hertl wins face-off versus Peyton Krebs in Los Angeles Kings zone.
9:59 of 2nd period - Wrist shot by Kirill Kaprizov.
9:59 of 2nd period - Shot Blocked by Cooper Marody.
10:01 of 2nd period - Snap shot by Johnny Gaudreau.
10:01 of 2nd period - Stopped by Aaron Dell without a rebound.
10:02 of 2nd period - Anze Kopitar wins face-off versus Alexander Radulov in Los Angeles Kings zone.
10:19 of 2nd period - Andrei Svechnikov is hit by Anze Kopitar and loses puck.
10:54 of 2nd period - Alexander Radulov is hit by Roope Hintz and loses puck.
11:21 of 2nd period - Hampus Lindholm is hit by Tyler Gaudet and loses puck.
11:43 of 2nd period - Penalty to Evan Polei is over, Evan Polei is back on ice.
11:58 of 2nd period - Evan Polei is hit by Lars Eller and loses puck.
12:04 of 2nd period - Minor Penalty to Evan Polei for Hooking.
12:05 of 2nd period - Andrei Svechnikov wins face-off versus Anze Kopitar in Los Angeles Kings zone.
14:04 of 2nd period - Penalty to Evan Polei is over, Evan Polei is back on ice.
14:24 of 2nd period - Snap shot by Dominik Kubalik.
14:24 of 2nd period - Stopped by Darcy Kuemper with a rebound.
14:36 of 2nd period - Snap shot by Rasmus Sandin.
14:36 of 2nd period - Deflect By Roope Hintz.
14:36 of 2nd period - Stopped by Darcy Kuemper without a rebound.
14:37 of 2nd period - Roope Hintz wins face-off versus Cooper Marody in Tampa Bay Lightning zone.
14:50 of 2nd period - Snap shot by Cooper Marody.
14:50 of 2nd period - Shot Misses the Net.
15:02 of 2nd period - Vitaly Kravtsov is hit by Vladislav Gavrikov and loses puck.
15:11 of 2nd period - Slapshot by Mike Matheson.
15:11 of 2nd period - Stopped by Darcy Kuemper with a rebound.
16:19 of 2nd period - Tyler Gaudet is hit by Lars Eller.
16:32 of 2nd period - Off-side.
16:33 of 2nd period - Roope Hintz wins face-off versus Nicklas Backstrom in neutral zone.
17:04 of 2nd period - Slapshot by Andrei Svechnikov.
17:04 of 2nd period - Shot Misses the Net.
17:06 of 2nd period - Snap shot by Dominik Kubalik.
17:06 of 2nd period - Stopped by Darcy Kuemper with a rebound.
17:08 of 2nd period - Wrist shot by Jakub Zboril.
17:08 of 2nd period - Shot Misses the Net.
17:10 of 2nd period - Snap shot by Dominik Kubalik.
17:10 of 2nd period - Stopped by Darcy Kuemper with a rebound.
17:12 of 2nd period - Snap shot by Jakub Zboril.
17:12 of 2nd period - Deflect By Dylan Cozens.
17:12 of 2nd period - Stopped by Darcy Kuemper without a rebound.
17:13 of 2nd period - Anze Kopitar wins face-off versus Seth Jarvis in Tampa Bay Lightning zone.
17:20 of 2nd period - Snap shot by Peyton Krebs.
17:20 of 2nd period - Deflect By Anze Kopitar.
17:20 of 2nd period - Shot Misses the Net.
17:20 of 2nd period - Puck is out of play.
17:21 of 2nd period - Anze Kopitar wins face-off versus Seth Jarvis in Tampa Bay Lightning zone.
17:32 of 2nd period - Snap shot by Alexander Radulov.
17:32 of 2nd period - Deflect By Peyton Krebs.
17:32 of 2nd period - Shot Misses the Net.
17:32 of 2nd period - Puck is out of play.
17:33 of 2nd period - Anze Kopitar wins face-off versus Seth Jarvis in Tampa Bay Lightning zone.
17:33 of 2nd period - Anze Kopitar is hit by Peyton Krebs.
17:39 of 2nd period - Slapshot by Kirill Kaprizov.
17:39 of 2nd period - Shot Blocked by Peyton Krebs.
17:45 of 2nd period - Moritz Seider is hit by K'Andre Miller.
18:04 of 2nd period - Snap shot by Nicklas Backstrom.
18:04 of 2nd period - Stopped by Darcy Kuemper without a rebound.
18:05 of 2nd period - Nicklas Backstrom wins face-off versus Tomas Hertl in Tampa Bay Lightning zone.
18:15 of 2nd period - Minor Penalty to Jakub Zboril for Tripping.
18:16 of 2nd period - Tomas Hertl wins face-off versus Andrei Svechnikov in Los Angeles Kings zone.
18:43 of 2nd period - Roope Hintz is hit by Mike Matheson and loses puck.
18:56 of 2nd period - Wrist shot by Alexander Radulov.
18:56 of 2nd period - Stopped by Darcy Kuemper without a rebound.
18:57 of 2nd period - Tomas Hertl wins face-off versus Andrei Svechnikov in Tampa Bay Lightning zone.
19:08 of 2nd period - Snap shot by Kirill Kaprizov.
19:08 of 2nd period - Stopped by Aaron Dell with a rebound.
Goals for this period are 0 for Los Angeles Kings vs 0 for Tampa Bay Lightning.
Shots for this period are 13 for Los Angeles Kings vs 9 for Tampa Bay Lightning.
3rd period
0:01 of 3rd period - Dominik Kubalik wins face-off versus Tomas Hertl in neutral zone.
0:08 of 3rd period - Slapshot by Alexander Radulov.
0:08 of 3rd period - Shot Misses the Net.
0:15 of 3rd period - Penalty to Jakub Zboril is over, Jakub Zboril is back on ice.
1:19 of 3rd period - Wrist shot by Anze Kopitar.
1:19 of 3rd period - Deflect By Kirill Kaprizov.
1:19 of 3rd period - Stopped by Aaron Dell without a rebound.
1:20 of 3rd period - Tomas Hertl wins face-off versus Seth Jarvis in Los Angeles Kings zone.
1:47 of 3rd period - Christian Dvorak is hit by Jakub Zboril and loses puck.
2:15 of 3rd period - Nicklas Backstrom is hit by Ivan Barbashev and loses puck.
2:28 of 3rd period - Wrist shot by Matt Tennyson.
2:28 of 3rd period - Goal by Matt Tennyson - Los Angeles Kings : 1 - Tampa Bay Lightning : 1.
2:29 of 3rd period - Seth Jarvis wins face-off versus Anze Kopitar in neutral zone.
3:45 of 3rd period - Slapshot by Andrei Svechnikov.
3:45 of 3rd period - Deflect By Dominik Kubalik.
3:45 of 3rd period - Shot Blocked by Moritz Seider.
3:45 of 3rd period - Puck is out of play.
3:46 of 3rd period - Tomas Hertl wins face-off versus Seth Jarvis in Tampa Bay Lightning zone.
3:46 of 3rd period - Tomas Hertl is hit by Noah Dobson.
5:32 of 3rd period - Snap shot by Ryan Reaves.
5:32 of 3rd period - Stopped by Darcy Kuemper without a rebound.
5:33 of 3rd period - Peyton Krebs wins face-off versus Gabriel Landeskog in Tampa Bay Lightning zone.
5:36 of 3rd period - Wrist shot by Alexander Radulov.
5:36 of 3rd period - Shot Misses the Net.
6:30 of 3rd period - Matt Tennyson is hit by Alexander Kerfoot and loses puck.
7:23 of 3rd period - Snap shot by Alexander Kerfoot.
7:23 of 3rd period - Stopped by Aaron Dell with a rebound.
7:31 of 3rd period - Alexander Kerfoot is hit by Tyler Gaudet and loses puck.
7:53 of 3rd period - Noah Dobson is hit by Ivan Barbashev and loses puck.
8:02 of 3rd period - Wrist shot by Ivan Barbashev.
8:02 of 3rd period - Stopped by Aaron Dell with a rebound.
8:04 of 3rd period - Backhand shot by Lars Eller.
8:04 of 3rd period - Shot Blocked by Noah Dobson.
8:06 of 3rd period - Slapshot by Ivan Barbashev.
8:06 of 3rd period - Shot Blocked by Noah Dobson.
8:32 of 3rd period - Snap shot by Alexander Kerfoot.
8:32 of 3rd period - Stopped by Aaron Dell with a rebound.
8:34 of 3rd period - Snap shot by Ivan Barbashev.
8:34 of 3rd period - Stopped by Aaron Dell with a rebound.
8:40 of 3rd period - Snap shot by Alexander Kerfoot.
8:40 of 3rd period - Shot Blocked by K'Andre Miller.
8:44 of 3rd period - Slapshot by Lars Eller.
8:44 of 3rd period - Stopped by Aaron Dell without a rebound.
8:45 of 3rd period - Anze Kopitar wins face-off versus Seth Jarvis in Los Angeles Kings zone.
9:19 of 3rd period - Nicklas Backstrom is hit by Johnny Gaudreau and loses puck.
9:26 of 3rd period - Slapshot by Connor Brown.
9:26 of 3rd period - Stopped by Aaron Dell without a rebound.
9:27 of 3rd period - Cooper Marody wins face-off versus Roope Hintz in Los Angeles Kings zone.
9:37 of 3rd period - Minor Penalty to Cooper Marody for Goalie Interference.
9:38 of 3rd period - Tomas Hertl wins face-off versus Andrei Svechnikov in Los Angeles Kings zone.
10:14 of 3rd period - Mike Matheson is hit by Roope Hintz and loses puck.
10:32 of 3rd period - Icing by Kirill Kaprizov.
10:33 of 3rd period - Tomas Hertl wins face-off versus Andrei Svechnikov in Tampa Bay Lightning zone.
10:33 of 3rd period - Tomas Hertl is hit by K'Andre Miller.
10:39 of 3rd period - Nicklas Backstrom is hit by Gabriel Landeskog and loses puck.
11:06 of 3rd period - Snap shot by Alexander Radulov.
11:06 of 3rd period - Stopped by Darcy Kuemper without a rebound.
11:07 of 3rd period - Kirill Kaprizov wins face-off versus Andrei Svechnikov in Tampa Bay Lightning zone.
11:12 of 3rd period - Nicklas Backstrom is hit by Kirill Kaprizov.
11:28 of 3rd period - Minor Penalty to Darnell Nurse for Holding.
11:29 of 3rd period - Anze Kopitar wins face-off versus Nicklas Backstrom in Tampa Bay Lightning zone.
11:37 of 3rd period - Penalty to Cooper Marody is over, Cooper Marody is back on ice.
11:56 of 3rd period - Snap shot by Nicklas Backstrom.
11:56 of 3rd period - Stopped by Darcy Kuemper without a rebound.
11:57 of 3rd period - Seth Jarvis wins face-off versus Anze Kopitar in Tampa Bay Lightning zone.
12:00 of 3rd period - Snap shot by Peyton Krebs.
12:00 of 3rd period - Stopped by Darcy Kuemper with a rebound.
12:02 of 3rd period - Slapshot by Peyton Krebs.
12:02 of 3rd period - Shot Misses the Net.
12:04 of 3rd period - Snap shot by Peyton Krebs.
12:04 of 3rd period - Stopped by Darcy Kuemper without a rebound.
12:05 of 3rd period - Anze Kopitar wins face-off versus Seth Jarvis in Tampa Bay Lightning zone.
12:54 of 3rd period - Christian Dvorak is hit by Alexander Radulov and loses puck.
13:28 of 3rd period - Penalty to Darnell Nurse is over, Darnell Nurse is back on ice.
13:37 of 3rd period - Snap shot by Lars Eller.
13:37 of 3rd period - Shot Blocked by Mike Matheson.
13:39 of 3rd period - Slapshot by Vladislav Gavrikov.
13:39 of 3rd period - Shot Blocked by Mike Matheson.
13:41 of 3rd period - Wrist shot by Vladislav Gavrikov.
13:41 of 3rd period - Stopped by Aaron Dell with a rebound.
13:57 of 3rd period - Snap shot by Kirill Kaprizov.
13:57 of 3rd period - Shot Misses the Net.
13:59 of 3rd period - Wrist shot by Lars Eller.
13:59 of 3rd period - Goal by Lars Eller - Los Angeles Kings : 1 - Tampa Bay Lightning : 2.
14:00 of 3rd period - Connor Brown wins face-off versus Seth Jarvis in neutral zone.
14:32 of 3rd period - Icing by Nicklas Backstrom.
14:33 of 3rd period - Anze Kopitar wins face-off versus Nicklas Backstrom in Los Angeles Kings zone.
14:50 of 3rd period - Wrist shot by Nicklas Backstrom.
14:50 of 3rd period - Stopped by Darcy Kuemper with a rebound.
14:52 of 3rd period - Snap shot by Andrei Svechnikov.
14:52 of 3rd period - Stopped by Darcy Kuemper with a rebound.
14:54 of 3rd period - Slapshot by Rasmus Sandin.
14:54 of 3rd period - Stopped by Darcy Kuemper with a rebound.
14:56 of 3rd period - Slapshot by Rasmus Sandin.
14:56 of 3rd period - Deflect By Nicklas Backstrom.
14:56 of 3rd period - Shot Misses the Net.
14:56 of 3rd period - Puck is out of play.
14:57 of 3rd period - Connor Brown wins face-off versus Seth Jarvis in Tampa Bay Lightning zone.
14:57 of 3rd period - Connor Brown is hit by Erik Brannstrom.
15:02 of 3rd period - Minor Penalty to Erik Brannstrom for Tripping.
15:03 of 3rd period - Tomas Hertl wins face-off versus Dominik Kubalik in Los Angeles Kings zone.
16:37 of 3rd period - K'Andre Miller is hit by Roope Hintz and loses puck.
17:02 of 3rd period - Penalty to Erik Brannstrom is over, Erik Brannstrom is back on ice.
17:22 of 3rd period - Slapshot by Erik Brannstrom.
17:22 of 3rd period - Shot Misses the Net.
17:26 of 3rd period - Snap shot by Peyton Krebs.
17:26 of 3rd period - Stopped by Darcy Kuemper without a rebound.
17:27 of 3rd period - Tomas Hertl wins face-off versus Seth Jarvis in Tampa Bay Lightning zone.
17:52 of 3rd period - Slapshot by Noah Dobson.
17:52 of 3rd period - Stopped by Darcy Kuemper with a rebound.
18:38 of 3rd period - Los Angeles Kings, Aaron Dell is pulled from the net.
18:40 of 3rd period - Snap shot by Alexander Radulov.
18:40 of 3rd period - Stopped by Darcy Kuemper without a rebound.
18:41 of 3rd period - Seth Jarvis wins face-off versus Gabriel Landeskog in Tampa Bay Lightning zone.
18:54 of 3rd period - Gabriel Landeskog is hit by Peyton Krebs and loses puck.
19:05 of 3rd period - Ryan Graves is hit by Dominik Kubalik and loses puck.
19:32 of 3rd period - Wrist shot by Gabriel Landeskog.
19:32 of 3rd period - Shot Blocked by Jakub Zboril.
19:54 of 3rd period - Snap shot by Nicklas Backstrom.
19:54 of 3rd period - Stopped by Darcy Kuemper without a rebound.
19:55 of 3rd period - Benoit Groulx call a timeout for Los Angeles Kings.
19:55 of 3rd period - Anze Kopitar wins face-off versus Nicklas Backstrom in Tampa Bay Lightning zone.
19:55 of 3rd period - Anze Kopitar is hit by K'Andre Miller.
Goals for this period are 1 for Los Angeles Kings vs 1 for Tampa Bay Lightning.
Shots for this period are 13 for Los Angeles Kings vs 9 for Tampa Bay Lightning.
Back to the Top